 Dungeon Crawl Stone Soup version 0.31-a0-1074-g0b22e4e0f1 (webtiles) character file.

Game seed: 9504651258947789588

54651 jasper the Metamorph (level 15, -12/128 HPs)
             Began as a Meteoran Shapeshifter on Nov 29, 2023.
             Was the Champion of Makhleb.
             Mangled by an alligator snapping turtle (24 damage)
             ... on level 4 of the Shoals on Dec 1, 2023.
             The game lasted 00:39:51 (6219 turns).

jasper the Metamorph (Meteoran Shapeshifter)        Turns: 6219, Time: 00:39:51

Health: -12/128    AC: 23    Str: 16    XL:     15   Next: 56%
Magic:  0/24       EV: 17    Int: 14    God:    Makhleb [******]
Gold:   391        SH:  0    Dex: 20    Spells: 14/14 levels left

rFire   + .          .
                       - Unarmed
rCold   . . .        (shield currently unavailable)
rNeg    + . .        o - +10 chain mail of the Gloaming {Harm SInv}
rPois   .            m - +0 helmet
rElec   .            a - +0 cloak
rCorr   .            A - melded +1 pair of gloves {Str+3}
SInv    +            t - +2 pair of boots
Will    +....        v - amulet of guardian spirit Stlth
                     f - +5 ring of evasion
HPRegen 0.41/turn    K - ring "Pemoe" {rF+ rN+}
MPRegen 0.19/turn

%: harm (+30% outgoing, +20% incoming), guardian spirit
@: blade hands, engulfed (cannot breathe), spiked, hasted, glowing, slow
A: sense surroundings 2, otherworldly, glowing, explore regen
a: Begin Untransformation, Renounce Religion, Minor Destruction, Lesser Servant
of Makhleb, Major Destruction, Greater Servant of Makhleb


You were on level 4 of the Shoals.
You worshipped Makhleb.
Makhleb was exalted by your worship.
You had blades for hands.
You visited 4 branches of the dungeon, and saw 25 of its levels.

You collected 563 gold pieces.
You spent 172 gold pieces at shops.

Inventory:

Missiles
 e - 12 poisoned darts
 g - 43 stones
 i - 4 javelins
Armour
 a - a +0 cloak (worn)
 j - a +2 leather armour of poison resistance
 k - +0 acid dragon scales
 m - a +0 helmet (worn)
 o - the +10 chain mail of the Gloaming (worn) {Harm SInv}
   (You found it on level 3 of the Dungeon)

   SInv:      It lets you see invisible.
   Harm:      It increases damage dealt and taken.
 t - a +2 pair of boots (worn)
 A - a +1 pair of gloves of strength (melded)
 I - a +2 buckler of positive energy
 J - a +1 ring mail of poison resistance
Jewellery
 f - a +5 ring of evasion (left blade hand)
 l - a ring of ice
 v - an amulet of guardian spirit (around neck)
 x - a ring of magical power
 y - a +6 ring of dexterity
 K - the ring "Pemoe" (right blade hand) {rF+ rN+}
   (You found it on level 5 of the Lair of Beasts)

   [ring of protection from fire]

   rF+:       It protects you from fire.
   rN+:       It protects you from negative energy.
Talismans
 c - a beast talisman
 d - a flux talisman
 F - a blade talisman (active)
Wands
 p - a wand of charming (4)
 s - a wand of mindburst (13)
 w - a wand of polymorph (6)
 H - a wand of flame (13)
Scrolls
 u - 7 scrolls of teleportation
Potions
 b - 3 potions of attraction
 h - a potion of ambrosia {unknown}
 n - 2 potions of haste
 q - 2 potions of mutation
 r - 3 potions of curing
 B - a potion of invisibility {unknown}
 C - 2 potions of resistance
 D - a potion of lignification
 E - 2 potions of might {unknown}
 G - 3 potions of brilliance {unknown}


   Skills:
 + Level 10.7 Fighting
 + Level 10.9 Dodging
 + Level 11.9 Unarmed Combat
 + Level 11.5 Invocations
 - Level 19.0 Shapeshifting


You had 14 spell levels left.
You didn't know any spells.
Your spell library contained the following spells:

 Spells                   Type           Power      Damage    Failure   Level
 Ensorcelled Hibernation  Hex/Ice        0%         N/A       99%         2
 Lesser Beckoning         Tloc           0%         N/A       99%         2
 Passwall                 Tmut/Erth      0%         N/A       99%         2
 Gell's Gravitas          Tloc           0%         N/A       100%        3
 Swiftness                Air            0%         N/A       100%        3
 Teleport Other           Tloc           0%         N/A       100%        3
 Animate Dead             Necr           0%         N/A       100%        4
 Borgnjor's Vile Clutch   Necr/Erth      0%         N/A       100%        5
 Death Channel            Necr           0%         N/A       100%        6


Dungeon Overview and Level Annotations

Branches:
Dungeon (15/15) Zot: 5051  Temple (1/1) D:4 Zot: 583    Lair (5/5) D:11 Zot: 1260
 Shoals (4/4) Lair:3 Zot: 2061  Spider (0/4) Lair:3        Slime (0/5) Lair:5
    Orc (0/2) D:11         Vaults (0/5) D:14
 Depths: D:15

Altars:
Ashenzari
Cheibriados
Dithmenos
Fedhas
Kikubaaqudgha
Makhleb
Nemelex Xobeh
Okawaru
Qazlal
Sif Muna
Uskayaw
Vehumet
Wu Jian
Xom
Zin
The Shining One

Shops:
D:8 [?

Annotations:
D:5 3 runed translucent doors
D:10 2 runed translucent doors
Lair:5 exclusion: 2 oklob plants


Innate Abilities, Weirdness & Mutations

You have blades for hands.
You are incapable of wielding weapons or throwing items.
You passively map the area around you.
You are easily found by Zot.
You glow in the dark.
You regain HP and MP as you explore.


Message History

You take 9 damage, and have 39/128 hp.
You now have 8/24 mp.
You slash the merfolk!
You kill the merfolk!
Makhleb accepts your kill.
You feel better.
The alligator snapping turtle bites you!
* * * LOW HITPOINT WARNING * * *
You take 1 damage, and have 38/128 hp.
You now have 6/24 mp.
Okay, then.
You feel much better.
The merfolk aquamancer casts a spell at you.
The ball of steam misses you. The water elemental hits you!
The water elemental engulfs you in water!
The manticore bites you but does no damage.
The manticore misses you. The manticore barely misses you.
You regained 18 hp, and now have 56/128 hp.
You now have 5/24 mp.
You feel yourself speed up.
Your lungs strain for air!
The merfolk aquamancer gestures at you while chanting.
The torrent of water misses you.
You hear a splash.
The water elemental hits you.
The alligator snapping turtle bites you but does no damage.
The manticore misses you.
The manticore claws you but does no damage.
The manticore misses you.
You hear a shout! x4
You take 6 damage, and have 50/128 hp.
Okay, then.
You slice the manticore!!
The manticore is severely wounded.
Your lungs strain for air!
The merfolk aquamancer is engulfed in a cloud of scalding steam.
The merfolk aquamancer points at you and mumbles some strange words.
The shard of ice hits you!!
* * * LOW HITPOINT WARNING * * *
The water elemental hits you!
* * * LOW HITPOINT WARNING * * *
The alligator snapping turtle bites you!!
You die...

≈~~~.~ ~ , ~ .....~~ ~~ ,
..... ~ ~ ....~.~~~~~.
##..~. ~~~ ~
.^~..~~≈~~..##..~.# ~~ ~
..~~~~~≈~~~.....~.## ~~ ~
..../~~~~~~~.......# ,.~~
..##.~~~~~~~)...~.# *.~~~
~
..##..~~~~~~~..H§t##..~~~
~
..##..~~~~~~.$§§@mE..~~~~~
..#..~~~~~.###.~~E[..~~~~
~
....~~~~~...#.~~.~~.~~~~~
..†~~~~~~~~...~~~~~~~~~~~
~ ~
.~~~~~~~~~~~~~~~~~~~~~~~~
~~~~~~~~~~~~~~~~~~~~~~~~~
~
~~~~~~~~~~~~~~~~≈~~~~~~~~~
~
≈~~~~≈≈≈≈≈≈≈≈≈≈≈≈≈≈≈≈≈~~≈~
~
≈≈≈≈≈≈≈≈≈≈≈≈≈≈≈≈≈≈≈≈≈≈≈≈≈
~ ~~~


You could see an alligator snapping turtle, a merfolk aquamancer, a manticore
and 2 water elementals.

Vanquished Creatures
  3 vault guards
  3 hydras
  5 catoblepae
  An alligator snapping turtle (Shoals:3)
  2 centaur warriors
  3 boulder beetles
  2 tengu warriors (D:13)
  6 death yaks (Lair:5)
  Urug (Lair:4)
  Nergalle (D:12)
  A fire crab (shapeshifter) (D:14)
  A skyshark (Shoals:3)
  2 sea snakes
  6 harpies
  A lindwurm (Lair:5)
  An oklob plant (D:11)
  An ugly thing (D:11)
  3 cyclopes
  8 manticores
  3 elephants (Lair:5)
  6 black mambas
  A water nymph (Shoals:1)
  A torpor snail (Lair:2)
  6 cane toads
  An unseen horror (D:11)
  4 komodo dragons
  A tengu conjurer (D:14)
  3 trolls
  3 meliai (D:14)
  A polar bear (Lair:1)
  12 blink frogs
  5 merfolk
  3 wind drakes
  Prince Ribbit (Lair:2)
  A hornet (D:10)
  A snapping turtle (Shoals:1)
  6 slime creatures
  3 wyverns
  3 wraiths
  42 yaks
  3 shadows (D:11)
  2 vampires
  3 steam dragons
  3 water elementals
  2 basilisks
  4 vampire mosquitoes (D:13)
  A redback (Lair:3)
  3 acid dragons
  11 water moccasins
  An orc warrior (D:6)
  3 sky beasts
  An ice beast (D:5)
  4 black bears
  An ogre (D:5)
  4 wolves (Lair:2)
  5 centaurs
  A phantom (D:6)
  4 scorpions
  7 bullfrogs
  5 killer bees (D:10)
  An electric eel (Lair:3)
  A howler monkey (D:6)
  A hound (D:6)
  3 orc priests
  3 jellies
  A gnoll bouda (D:9)
  Jessica (D:2)
  2 iguanas (D:6)
  3 orc wizards
  Robin (D:3)
  4 gnolls
  4 adders
  2 shadow imps (D:6)
  A white imp (D:5)
  2 ufetubi (D:5)
  A worm (D:5)
  A dart slug (D:5)
  17 orcs
  3 ball pythons
  2 endoplasms (D:4)
  2 giant cockroaches (D:1)
  11 goblins
  8 hobgoblins
  6 jackals
  3 quokkas
  A frilled lizard (D:1)
  8 kobolds
  6 rats
325 creatures vanquished.

Vanquished Creatures (collateral kills)
  An orc knight (D:11)
  2 orc warriors (D:11)
  3 orc priests (D:11)
  17 orcs (D:11)
23 creatures vanquished.

Vanquished Creatures (others)
  An orc (D:7)
1 creature vanquished.

Grand Total: 349 creatures vanquished

Notes
Turn   | Place    | Note
-------+----------+-------------------------------------------
     0 | D:1      | jasper the Meteoran Shapeshifter began the quest for the
                  | Orb.
     0 | D:1      | Reached XP level 1. HP: 16/16 MP: 2/2
    79 | D:1      | Reached XP level 2. HP: 21/23 MP: 3/3
   162 | D:2      | Noticed Jessica
   167 | D:2      | Killed Jessica
   168 | D:2      | Reached skill level 4 in Shapeshifting
   168 | D:2      | Reached XP level 3. HP: 29/29 MP: 4/4
   191 | D:2      | Reached XP level 4. HP: 31/36 MP: 5/5
   233 | D:2      | Noticed a black bear
   256 | D:2      | Killed a black bear
   257 | D:2      | Reached XP level 5. HP: 26/42 MP: 6/6
   370 | D:3      | Reached skill level 5 in Shapeshifting
   370 | D:3      | Reached XP level 6. HP: 20/50 MP: 7/7
   481 | D:3      | Noticed Robin
   520 | D:3      | Killed Robin
   653 | D:3      | Identified the +10 chain mail of the Gloaming {Harm SInv}
   723 | D:4      | Found a broken altar of Ashenzari.
   723 | D:4      | Noticed a black bear
   737 | D:4      | Killed a black bear
   738 | D:4      | Reached skill level 5 in Unarmed Combat
   738 | D:4      | Reached XP level 7. HP: 48/57 MP: 8/8
   771 | D:4      | Reached skill level 6 in Shapeshifting
   861 | D:4      | Found a staircase to the Ecumenical Temple.
   870 | Temple   | Entered the Ecumenical Temple
   878 | Temple   | Became a worshipper of Makhleb the Destroyer
   910 | D:5      | Entered Level 5 of the Dungeon
   966 | D:5      | Found a runed translucent gate.
   966 | D:5      | Found a runed translucent gate.
   966 | D:5      | Found a runed translucent gate.
  1066 | D:5      | Reached skill level 1 in Invocations
  1075 | D:5      | Reached XP level 8. HP: 23/66 MP: 4/10
  1164 | D:6      | Reached skill level 7 in Shapeshifting
  1218 | D:6      | Found an iron altar of Okawaru.
  1228 | D:6      | Reached * piety under Makhleb
  1394 | D:6      | Reached skill level 5 in Dodging
  1394 | D:6      | Gained mutation: You passively map the area around you.
                  | [Meteoran growth]
  1394 | D:6      | Reached XP level 9. HP: 72/72 MP: 12/12
  1458 | D:6      | Reached skill level 8 in Shapeshifting
  1479 | D:7      | Reached skill level 5 in Fighting
  1576 | D:8      | Found Doinu's Magic Scroll Emporium.
  1665 | D:7      | Reached skill level 5 in Invocations
  1672 | D:7      | Reached XP level 10. HP: 61/82 MP: 11/14
  1705 | D:8      | Found Nongeapo's Antique Armour Shoppe.
  1710 | D:8      | Bought a pair of runed gloves for 172 gold pieces
  1765 | D:9      | Reached skill level 9 in Shapeshifting
  1851 | D:10     | Entered Level 10 of the Dungeon
  2019 | D:10     | Reached ** piety under Makhleb
  2041 | D:10     | Found a large runed translucent door.
  2042 | D:10     | Found a large runed translucent door.
  2070 | D:10     | Reached skill level 10 in Shapeshifting
  2209 | D:8      | Reached XP level 11. HP: 67/91 MP: 13/17
  2489 | D:11     | Noticed an orc knight
  2502 | D:11     | Killed an orc knight
  2518 | D:11     | Reached skill level 11 in Shapeshifting
  2528 | D:11     | Found a staircase to the Orcish Mines.
  2667 | D:11     | Noticed a red ugly thing
  2691 | D:11     | Killed a brown ugly thing
  2691 | D:11     | Reached *** piety under Makhleb
  2769 | D:11     | Noticed a boulder beetle
  2788 | D:11     | Noticed a manticore
  2797 | D:11     | Killed a manticore
  2813 | D:11     | Killed a boulder beetle
  2848 | D:11     | Noticed an oklob plant
  2861 | D:11     | Found a staircase to the Lair.
  2965 | D:12     | Noticed Nergalle
  2975 | D:12     | Killed Nergalle
  2991 | D:12     | Noticed a manticore
  3005 | D:12     | Killed a manticore
  3006 | D:12     | Reached skill level 12 in Shapeshifting
  3006 | D:12     | Reached XP level 12. HP: 91/101 MP: 16/19
  3228 | D:13     | Noticed a tengu warrior
  3230 | D:13     | Noticed a tengu warrior
  3236 | D:13     | Killed a tengu warrior
  3253 | D:13     | Killed a tengu warrior
  3332 | D:14     | Noticed a centaur warrior
  3343 | D:14     | Killed a centaur warrior
  3344 | D:14     | Reached skill level 10 in Unarmed Combat
  3362 | D:14     | Reached skill level 13 in Shapeshifting
  3440 | D:15     | Entered Level 15 of the Dungeon
  3454 | D:15     | Noticed a centaur warrior
  3455 | D:15     | Noticed a boulder beetle
  3455 | D:15     | Noticed a boulder beetle
  3461 | D:15     | Killed a centaur warrior
  3471 | D:15     | Killed a boulder beetle
  3478 | D:15     | Reached XP level 13. HP: 57/111 MP: 8/21
  3485 | D:15     | Killed a boulder beetle
  3485 | D:15     | Reached **** piety under Makhleb
  3543 | D:14     | HP: 5/111 [poisoned by a meliai]
  3594 | D:14     | Noticed a catoblepas
  3603 | D:14     | Killed a catoblepas
  3604 | D:14     | Reached skill level 10 in Invocations
  3615 | D:14     | Noticed a vault guard
  3615 | D:14     | Noticed a vault guard
  3615 | D:14     | Noticed a vault guard
  3616 | D:14     | Found a gate to the Vaults.
  3616 | D:14     | Noticed a vault guard
  3616 | D:14     | Noticed a vault guard
  3617 | D:14     | Noticed a vault guard
  3617 | D:14     | Noticed a vault guard
  3617 | D:14     | Noticed a vault guard
  3629 | D:14     | Killed a vault guard
  3652 | D:14     | Killed a vault guard
  3726 | D:13     | Noticed a catoblepas
  3733 | D:13     | Killed a vault guard
  3752 | D:13     | Killed a catoblepas
  3753 | D:13     | Reached skill level 10 in Dodging
  3753 | D:13     | Reached skill level 14 in Shapeshifting
  4063 | Lair:1   | Entered Level 1 of the Lair of Beasts
  4131 | Lair:1   | Reached skill level 10 in Fighting
  4268 | Lair:2   | Noticed a four-headed hydra
  4276 | Lair:2   | Killed a four-headed hydra
  4517 | Lair:2   | Noticed Prince Ribbit
  4525 | Lair:2   | Killed Prince Ribbit
  4548 | Lair:2   | Reached XP level 14. HP: 75/121 MP: 13/23
  4579 | Lair:2   | Reached skill level 15 in Shapeshifting
  4891 | Lair:3   | Found a hide-covered altar of Uskayaw.
  4982 | Lair:3   | Found a hole to the Spider Nest.
  5059 | Lair:3   | Found a staircase to the Shoals.
  5093 | Lair:3   | Reached ***** piety under Makhleb
  5094 | Lair:3   | Reached skill level 16 in Shapeshifting
  5229 | Lair:4   | Noticed Urug
  5239 | Lair:4   | Killed Urug
  5295 | Lair:4   | Reached skill level 17 in Shapeshifting
  5316 | Lair:5   | Entered Level 5 of the Lair of Beasts
  5566 | Lair:5   | Found a staircase to the Slime Pits.
  5676 | Lair:5   | Reached skill level 18 in Shapeshifting
  5688 | Lair:5   | Reached XP level 15. HP: 122/126 MP: 18/24
  5792 | Lair:5   | Identified the ring "Pemoe" {rF+ rN+}
  5878 | Shoals:1 | Entered Level 1 of the Shoals
  5939 | Shoals:2 | Reached skill level 19 in Shapeshifting
  6151 | Shoals:4 | Entered Level 4 of the Shoals
  6162 | Shoals:4 | Reached ****** piety under Makhleb
  6219 | Shoals:4 | Mangled by an alligator snapping turtle

Illustrated notes

Levels and vault maps discovered:
D:1:      zelgadis_glass_arrival_small, layout_basic
D:2:      layout_loops_cross, uniq_sigmund, uniq_jessica, uniq_natasha
D:3:      kennysheep_goblin_castle, layout_loops_cross,
          nicolae_ru_the_path_less_chosen, chequers_serial_rivers_micro_c
D:4:      layout_basic, cheibrodos_ashenzari_chains, minmay_temple_entry_wispy
D:5:      layout_gridville, gammafunk_ghost_icy, kennysheep_nondescript,
          chequers_serial_rivers_micro_a, kennysheep_generic_room_15
D:6:      layout_cave_pods, mainiacjoe_overflow_surrounded_room
D:7:      layout_cave_pools, minmay_misc_feat_diagonals
D:8:      layout_loops_ring, grunt_gozag_breadcrumbs, serial_shops,
          kennysheep_mini_moat, nicolae_shop_hallway_plus,
          nicolae_shop_statue_plus
D:9:      layout_long_grid, mainiacjoe_overflow_boulevard,
          minmay_misc_feat_columns, nicolae_straight_to_the_point, uniq_erolcha
D:10:     layout_layer_cave, overflow_temple_1_default, jmf_multi_god_temple2,
          hex_tiny, minmay_misc_feat_rugged
D:11:     layout_small_grid, dpeg_oklobed_lair, david_orc_5
D:12:     layout_small_grid, serial_rivers, chequers_serial_rivers_micro_e,
          chequers_serial_rivers_marsh, chequers_serial_rivers_micro_d,
          chequers_serial_rivers_micro_d, chequers_serial_rivers_large_a,
          chequers_serial_rivers_small_b, bh_walls_and_bars, uniq_nergalle
D:13:     layout_cave_pods
D:14:     layout_loops_corners, erik_vaults_2, serial_bayou_shore_b
D:15:     grunt_enter_depths_magical_seal, layout_cave_pods,
          chequers_serial_rivers_micro_a
Temple:   dpeg_chambers_temple
Lair:1:   layout_concentric_octagons, minmay_holes, st_stairs_6,
          beast_lair_carwin_8, lemuel_fruit_tree
Lair:2:   layout_loops_ring, uniq_prince_ribbit2
Lair:3:   layout_loops_ring, nicolae_shoals_entry_roost,
          nicolae_spider_entry_tight_spaces, lemuel_centaur_altar,
          grunt_megastairs_5, serial_bayou_shore_b
Lair:4:   layout_misc_corridors, beast_lair_carwin_7, uniq_urug
Lair:5:   evilmike_catoblepas_cave, layout_regular_city, slime_entry_1,
          disabler_island
Shoals:1: layout_shoals, serial_shops, shop, uniq_donald, uniq_kirke
Shoals:2: layout_shoals
Shoals:3: layout_shoals
Shoals:4: shoals_end_simple, layout_shoals, serial_shops, shop, uniq_roxanne

Skill      XL: |  1  2  3  4  5  6  7  8  9 10 11 12 13 14 15 |
---------------+----------------------------------------------+-----
Unarmed Combat | 4 5 6 7 8 9 10 11 | 11.9
Shapeshifting  | 4 5 6 7 8 10 12 13 14 18 19 | 19.0
Fighting       | 2 3 4 5 6 8 9 10 | 10.7
Dodging        | 3 4 5 6 7 8 9 10 | 10.9
Invocations    | 1 3 5 6 8 9 11 | 11.5

Action                     |  1- 3 |  4- 6 |  7- 9 | 10-12 | 13-15 || total
---------------------------+-------+-------+-------+-------+-------++-------
  Melee: Unarmed           |    40 |   101 |   217 |   362 |   621 ||  1341
         Punch             |     1 |       |     1 |     2 |    28 ||    32
 Invoke: Lesser Servant of |       |       |       |       |     2 ||     2
  Evoke: Wand              |       |       |     2 |     2 |     1 ||     5
    Use: Potion            |       |     1 |       |     1 |     4 ||     6
         Scroll            |       |     2 |       |    11 |     5 ||    18
   Stab: Distracted        |       |       |       |       |     1 ||     1
         Petrified         |       |       |       |       |     1 ||     1
 Armour: Animal skin       |    16 |       |       |       |       ||    16
         Scale mail        |     9 |    67 |       |       |       ||    76
         Skin              |       |    54 |       |       |       ||    54
         Chain mail        |       |     9 |   241 |   427 |   562 ||  1239
         Acid dragon scale |       |       |       |       |     2 ||     2
  Dodge: Dodged            |    24 |    48 |   128 |   230 |   525 ||   955
   Form: Flux              |       |       |     1 |     1 |       ||     2
         Blade             |       |       |       |     1 |     1 ||     2

Table legend: (Time is in decaauts)
 A = Elapsed time spent in this place.
 B = Non-inter-level travel time spent in this place.
 C = Inter-level travel time spent in this place.
 D = Time resting spent in this place.
 E = Time spent auto-exploring this place.
 F = Levels seen in this place.
 G = Mean time per level.
                   A        B        C        D        E       F      G
               +--------+--------+--------+--------+--------+-----+--------+
         Total |   6043 |   5481 |    562 |     94 |     55 |  25 |  241.7 |
       Dungeon |   3948 |   3513 |    435 |     29 |     55 |  15 |  263.2 |
        Temple |     16 |     16 |      0 |      0 |      0 |   1 |   16.0 |
          Lair |   1739 |   1613 |    126 |     26 |      0 |   5 |  347.8 |
        Shoals |    338 |    338 |      0 |     39 |      0 |   4 |   84.5 |
               +--------+--------+--------+--------+--------+-----+--------+

Top non-repeatable levels by time:
    D:11: 635 daAuts
  Lair:2: 527 daAuts
  Lair:5: 519 daAuts
    D:10: 467 daAuts
    D:14: 401 daAuts
  Lair:3: 397 daAuts
     D:3: 382 daAuts
     D:6: 359 daAuts
    D:13: 283 daAuts
    D:12: 258 daAuts
     D:5: 205 daAuts
  Lair:4: 196 daAuts
     D:4: 187 daAuts
     D:8: 186 daAuts
     D:1: 160 daAuts
